 Dungeon Crawl Stone Soup version 0.31.0-11-ge490571c62 (webtiles) character file.

Game seed: 6805575176985208068

24 Ofeo the Vexing (level 3, 15/27 HPs)
             Began as a Barachi Hexslinger on Jan 27, 2024.
             Quit the game on level 2 of the Dungeon.
             The game lasted 00:00:51 (1360 turns).

Ofeo the Vexing (Barachi Hexslinger)                Turns: 1360, Time: 00:00:52

Health: 15/27      AC:  2    Str: 11    XL:     3   Next: 2%
Magic:  5/5        EV: 12    Int: 13    God:
Gold:   33         SH:  0    Dex: 14    Spells: 4/4 levels left

rFire   . . .        a - +1 sling
rCold   . . .        (no shield)
rNeg    . . .        c - +0 robe
rPois   .            (no helmet)
rElec   .            (no cloak)
rCorr   .            (no gloves)
SInv    .            (no boots)
Will    .....        f - amulet of the acrobat
Stlth   +            (no ring)
HPRegen 0.24/turn    (no ring)
MPRegen 0.09/turn

%: acrobat
@: slow
A: amphibious, slowness 1, strong legs 1, +LOS
a: Hop


You were on level 2 of the Dungeon.
You visited 1 branch of the dungeon, and saw 2 of its levels.

You collected 33 gold pieces.

Inventory:

Hand Weapons
 a - a +1 sling (weapon)
Armour
 c - a +0 robe (worn)
Jewellery
 f - an amulet of the acrobat (around neck)
Scrolls
 b - a scroll of poison
 d - 2 scrolls of identify {unknown}
Potions
 e - a potion of haste {unknown}
 g - a potion of curing {unknown}
 h - 3 potions of heal wounds {unknown}
 i - a potion of ambrosia {unknown}


   Skills:
 + Level 1.6 Fighting
 + Level 2.2 Ranged Weapons
 + Level 2.5 Dodging
 + Level 1.4 Spellcasting
 + Level 3.5 Hexes
 + Level 1.5 Fire Magic


You had 4 spell levels left.
You didn't know any spells.
Your spell library contained the following spells:

 Spells                   Type           Power      Damage    Failure   Level
 Jinxbite                 Hex            20%        N/A       10%         2
 Sigil of Binding         Hex            10%        N/A       19%         3
 Foxfire                  Conj/Fire      8%         2x1d4     21%         1
 Inner Flame              Hex/Fire       7%         N/A       28%         3
 Dazzling Flash           Conj/Hex       10%        N/A       36%         3
 Volatile Blastmotes      Fire/Tloc      4%         2d10      52%         3
 Cause Fear               Hex            5%         N/A       54%         4
 Dimensional Bullseye     Hex/Tloc       2%         N/A       78%         4
 Plasma Beam              Fire/Air       1%         2x1d11    100%        6
 Starburst                Conj/Fire      1%         6d3       100%        6
 Maxwell's Capacitive Co  Air            0%         ∞         100%        8


Dungeon Overview and Level Annotations

Branches:
Dungeon (2/15)

Altars:


Innate Abilities, Weirdness & Mutations

You are amphibious.
You cover ground slowly.
You can hop short distances.
You have an extended range of vision and can be seen from far away.


Message History

You take 1 damage, and have 14/22 hp.
A jackal comes into view.
The jackal completely misses you. The kobold completely misses you.
The jackal completely misses you. The jackal attacks as it pursues you!
The jackal closely misses you.
A jackal comes into view.
The jackal completely misses you. The kobold attacks as it pursues you!
The kobold barely misses you.
A jackal comes into view.
The kobold attacks as it pursues you! The kobold closely misses you.
The jackal completely misses you.
The jackal barks!
The kobold hits you with a +0 club.
You take 2 damage, and have 13/22 hp.
The jackal barks!
The jackal attacks as it pursues you! The jackal barely misses you.
The jackal misses you. The jackal attacks as it pursues you!
The jackal misses you. The jackal completely misses you.
You are too injured to fight recklessly!
You are too injured to fight recklessly!
You shoot a sling bullet. The sling bullet hits the jackal.
The jackal is severely wounded.
The jackal barely misses you. The jackal bites you.
You shoot a sling bullet.
The sling bullet hits the jackal but does no damage.
The jackal is severely wounded.
The jackal bites you but does no damage.
The jackal bites you.
You take 1 damage, and have 12/22 hp.
You shoot a sling bullet. The sling bullet hits the jackal.
You kill the jackal!
The bat completely misses you. The bat barely misses you.
You have reached level 3!
Your experience leads to an increase in your attributes!
Increase (s)trength, (i)ntelligence, or (d)exterity?
You feel stronger. x2
You regained 3 hp, and now have 15/27 hp.
MP restored: 5 Are you sure you want to abandon this character and quit the game? (Confirm with "yes".)

#..####.#
#.......#
#..######
#..########
#hK........
#h#########
#h# #b# #@#
#.# #.# #.#
#.# #.#
###.# #...#
#.###


You could see 3 jackals, a bat and a kobold.

Vanquished Creatures
  A dart slug (D:1)
  2 bats (D:1)
  2 endoplasms (D:1)
  4 goblins (D:1)
  A hobgoblin (D:2)
  4 jackals
  2 ball pythons (D:1)
  A frilled lizard (D:1)
  A kobold (D:1)
  A rat (D:1)
19 creatures vanquished.

Notes
Turn   | Place    | Note
-------+----------+-------------------------------------------
     0 | D:1      | Ofeo the Barachi Hexslinger began the quest for the Orb.
     0 | D:1      | Reached XP level 1. HP: 15/15 MP: 2/2
   115 | D:1      | Found a faded altar of an unknown god.
   137 | D:1      | Reached XP level 2. HP: 4/21 MP: 3/3
  1360 | D:2      | Reached XP level 3. HP: 15/27 MP: 5/5
  1360 | D:2      | Quit the game

Illustrated notes

Levels and vault maps discovered:
D:1:      spicycebolla_arrival_clurvy, layout_basic,
          chequers_ecumenical_altar_simple_redux, minivault_26, minmay_domino_2
D:2:      layout_loops_ring, basic_altar, minmay_goblin_kobold_house

Action                     || total
---------------------------++-------
   Fire: Sling             ||    61
 Armour: Robe              ||    32
  Dodge: Dodged            ||    32
